 Dungeon Crawl Stone Soup version 0.29.1-2-gbd0b4ee654 (webtiles) character file.

Game seed: 510454024103453095

196 qeuew the Shield-Bearer (level 6, -5/48 HPs)
             Began as a Formicid Fighter on Nov 3, 2022.
             Slain by a kobold brigand
             ... wielding a +0 dagger
              (8 damage)
             ... in a sewer.
             The game lasted 00:03:00 (2154 turns).

qeuew the Shield-Bearer (Formicid Fighter)          Turns: 2154, Time: 00:03:00

Health: -5/48      AC:  7    Str: 22    XL:     6   Next: 4%
Magic:  6/6        EV:  9    Int:  8    God:
Gold:   82         SH:  0    Dex: 13    Spells: 5/5 levels left

rFire   + . .      SeeInvis +   a - +0 war axe
rCold   . . .      Faith    .   c - +1 buckler
rNeg    . . .      Spirit   .   b - +0 scale mail
rPois   .          Reflect  +   (helmet unavailable)
rElec   .          Harm     .   (no cloak)
rCorr   .          Rampage  .   (no gloves)
Will    .....                   (no boots)
Stlth   ..........              e - amulet of reflection
HPRegen 0.16/turn               f - ring of protection from fire
MPRegen 0.10/turn               (no ring)

@: confused, lethally poisoned (-5 -> -5), ambrosia-drunk, very slow
A: permanent stasis, dig shafts and tunnels, antennae 3, four strong arms
a: Dig


You were in a sewer.
You visited 1 branch of the dungeon, and saw 3 of its levels.
You also visited: Sewer.

You collected 82 gold pieces.

Inventory:

Hand Weapons
 a - a +0 war axe (weapon)
Armour
 b - a +0 scale mail (worn)
 c - a +1 buckler (worn)
Jewellery
 e - an amulet of reflection (around neck)
 f - a ring of protection from fire (left hand)
Scrolls
 h - a scroll of noise {unknown}
 j - a scroll of torment {unknown}
Potions
 d - 3 potions of might
 i - a potion of heal wounds {unknown}


   Skills:
 + Level 3.8 Fighting
 * Level 4.4 Axes
 + Level 4.2 Armour
 + Level 0.7 Dodging
 + Level 0.2 Stealth
 + Level 4.5 Shields


You had 5 spell levels left.
You didn't know any spells.
Your spell library was empty.

Dungeon Overview and Level Annotations

Branches:
Dungeon (3/15)              Sewer (1/1)

Altars:

Shops:
D:1 [


Innate Abilities, Weirdness & Mutations

You cannot be hasted, slowed, berserked, paralysed or teleported.
You can dig through walls and to a lower floor.
You have a pair of large antennae on your head. (SInv)
Your four strong arms can wield two-handed weapons with a shield.


Message History

You hit the kobold brigand.
You kill the kobold brigand!
You hear a splash. x3
Your Axes skill increases to level 4!
You have reached level 6!
You sense a monster nearby.
You enter the shallow water.
Moving in this stuff is going to be slow.
j - a scroll labelled NIK ISOMPAIPEUC
Things that are here:
a +0 dagger; 5 poisoned darts A kobold brigand comes into view.
It is wielding a +0 dagger and quivering curare-tipped darts.
The kobold brigand shouts!
Things that are here:
a +0 club; a ball python corpse; a kobold corpse The kobold brigand throws a curare-tipped dart.
The curare-tipped dart hits you.
You are poisoned.
You have difficulty breathing.
Your stasis prevents you from being slowed.
You feel very sick.
The kobold brigand drinks a potion.
The kobold brigand seems to grow stronger.
The kobold brigand hits you with a +0 dagger.
* * * LOW HITPOINT WARNING * * *
Your unstable footing causes you to fumble your attack.
You feel sick.
The kobold brigand hits you with a +0 dagger.
* * * LOW HITPOINT WARNING * * *
You are confused.
You feel invigorated.
You feel sick.
The kobold brigand hits you with a +0 dagger.
* * * LOW HITPOINT WARNING * * *
You miss the kobold brigand.
You feel sick.
The kobold brigand hits you but does no damage.
You barely miss the kobold brigand.
You feel sick.
The kobold brigand hits you with a +0 dagger!
* * * LOW HITPOINT WARNING * * *
The kobold brigand hits you with a +0 dagger!
You die...

~..#####~.~..# ..##
##...## ~## ##~## ~#
#~# # ~# #~# .# ~##
##~## #.## ..## ##~~.##
#~.~##
..~#####...~.####..~..#
∩.~≈≈≈≈≈~....))~@K....#
~..#####....~####..~..#
~.## ##.~.## #..~## ≈##
##≈## #≈## ≈# { { #≈#
≈# ≈≈ #≈# # ≈## #≈# ≈#
#≈# .~


You could see a kobold brigand (strong).

Vanquished Creatures
  A kobold brigand (Sewer)
  2 adders (Sewer)
  3 gnolls (D:2)
  A river rat (D:3)
  2 worms
  2 dart slugs (D:1)
  An orc (D:3)
  5 bats
  5 endoplasms
  4 giant cockroaches
  2 goblins
  5 hobgoblins
  4 quokkas
  10 ball pythons
  4 frilled lizards
  8 kobolds
  5 rats
64 creatures vanquished.

Notes
Turn   | Place    | Note
-------+----------+-------------------------------------------
     0 | D:1      | qeuew the Formicid Fighter began the quest for the Orb.
     0 | D:1      | Reached XP level 1. HP: 18/18 MP: 1/1
   265 | D:1      | Reached XP level 2. HP: 24/24 MP: 2/2
   451 | D:1      | Found Wuyrr's Antique Armour Shop.
   865 | D:2      | Reached XP level 3. HP: 29/29 MP: 3/3
  1014 | D:2      | Reached XP level 4. HP: 12/36 MP: 4/4
  1850 | D:3      | Found a glowing drain.
  1859 | D:3      | Reached XP level 5. HP: 28/42 MP: 5/5
  1864 | Sewer    | Entered a sewer
  2111 | Sewer    | Noticed a kobold brigand
  2137 | Sewer    | Killed a kobold brigand
  2138 | Sewer    | Reached XP level 6. HP: 23/48 MP: 6/6
  2154 | Sewer    | Slain by a kobold brigand

Illustrated notes

Levels and vault maps discovered:
D:1:      lemuel_arrival_hallway, layout_loops_ring, serial_shops, shop
D:2:      layout_rooms, nicolae_titane
D:3:      layout_rooms, lemuel_zombie_altar_yredelemnul,
          gup_sewer_entry_bubbles, uniq_grinder
Sewer:    sewer_co_15_rooms

Skill      XL: |  1  2  3  4  5 |
---------------+----------------+-----
Axes           | 3 4 |  4.4
Armour         | 4 |  4.2
Fighting       | |  3.8
Dodging        | |  0.7
Stealth        | |  0.2
Shields        | |  4.5

Action                   |  1- 3 |  4- 6 || total
-------------------------+-------+-------++-------
Melee: War axe           |    82 |   117 ||   199
  Use: Scroll            |     2 |     6 ||     8
       Potion            |       |     2 ||     2
Armor: Scale mail        |    49 |    29 ||    78
Dodge: Dodged            |    62 |    28 ||    90
Block: Buckler           |    31 |    50 ||    81
